AoeStats
← Pugberto

Black Forest

505125264Analyzed
3v3 RM · 26d ago on Sep 7, 2026· 50m 28s· 6 players
Game mode
Random Map
Map size
Normal (6 player)
Population
200
Speed
Normal
Resources
Standard
Victory
Conquest
Starting age
Dark Age
Ending age
Imperial Age
RankedLock teamsTeams togetherTeam positionsShared explorationLock speedFull tech treeHidden civsTurbo modeCheats
Victory
Defeat
🇩🇪 Inca · Germany
960
+14
🇪🇸 Persians · Spain
915
+16
🇸🇰 Romans · Slovakia
880
+18
🇦🇷 Persians · Argentina
947
-17
🇦🇷 Spanish · Argentina
926
-16
🇦🇷 Goths · Argentina
888
-15
egozalor
0:30 Loom
14:27 Feudal Age
16:13 Double-Bit Axe
18:45 Castle Age
18:09 Horse Collar
18:59 Scale Barding Armor
19:40 Bloodlines
20:34 Fishing Lines
22:40 Wheelbarrow
23:18 Husbandry
26:05 Elite Skirmisher
26:16 Crossbowman
27:28 Fletching
27:39 Padded Archer Armor
28:04 Bow Saw
29:57 Gillnets
32:07 Gold Mining
33:57 Thumb Ring
33:54 Bodkin Arrow
34:10 Forging
35:30 Heavy Plow
36:05 Kamandaran
42:41 Imperial Age
41:41 Elite Skirmisher
42:44 Leather Archer Armor
43:05 Iron Casting
42:51 Chain Barding Armor
43:18 Ballistics
43:58 Chemistry
44:12 Elite War Elephant
44:20 Cavalier
45:58 Savar
49:05 Plate Barding Armor
49:40 Blast Furnace
49:16 Conscription
50:40 Ring Archer Armor
b7ackwar
0:30 Loom
12:56 Feudal Age
16:45 Castle Age
15:03 Double-Bit Axe
15:46 Horse Collar
24:59 Bow Saw
25:30 Heavy Plow
26:02 Gold Mining
27:37 Wheelbarrow
27:23 Treadmill Crane
31:18 Imperial Age
28:55 Stone Mining
29:28 Scale Mail Armor
29:39 Forging
29:35 Champi Runner
30:47 Chain Mail Armor
30:38 Squires
30:23 Arson
31:53 Iron Casting
30:40 Champi Warrior
31:54 Fletching
33:06 Chemistry
33:10 Plate Mail Armor
32:46 Fabric Shields
33:10 Capped Ram
33:14 Elite Champi Warrior
35:11 Blast Furnace
34:14 Bodkin Arrow
35:22 Conscription
35:06 Elite Kamayuk
36:00 Siege Ram
45:28 Hand Cart
44:58 Town Watch
46:01 Ballistics
45:44 Bracer
ARES
0:27 Loom
11:57 Feudal Age
18:53 Castle Age
16:40 Horse Collar
16:50 Double-Bit Axe
18:25 Forging
25:20 Heavy Plow
27:21 Bow Saw
28:43 Wheelbarrow
31:12 Gold Mining
34:42 Imperial Age
34:07 Redemption
33:24 Man-at-Arms
34:52 Hand Cart
34:33 Fletching
34:44 Padded Archer Armor
34:17 Long Swordsman
36:39 Crop Rotation
38:41 Iron Casting
38:07 Scale Mail Armor
38:47 Ballistics
38:24 Murder Holes
39:39 Conscription
39:13 Legionary
41:00 Blast Furnace
40:21 Chain Mail Armor
41:01 Ballistas
41:15 Onager
43:31 Comitatenses
44:17 Chemistry
44:37 Scale Barding Armor
44:28 Bodkin Arrow
44:48 Leather Archer Armor
44:36 Capped Ram
45:07 Pikeman
45:48 Squires
46:56 Halberdier
48:19 Chain Barding Armor
48:30 Ring Archer Armor
49:06 Siege Engineers
49:12 Masonry
49:13 Fortified Wall
48:48 Heavy Scorpion
TOMI
2:15 Loom
15:06 Feudal Age
16:29 Horse Collar
16:37 Double-Bit Axe
18:58 Gold Mining
21:48 Castle Age
23:29 Pikeman
25:29 Bow Saw
29:41 Heavy Plow
32:56 Stone Mining
33:40 Elite Skirmisher
35:51 Stone Shaft Mining
35:40 Man-at-Arms
36:45 Crossbowman
37:15 Long Swordsman
42:49 Imperial Age
41:23 Wheelbarrow
NuncaMasMorocho
1:17 Loom
14:03 Feudal Age
20:35 Castle Age
18:53 Double-Bit Axe
19:13 Horse Collar
21:36 Bow Saw
23:05 Forging
28:28 Pikeman
29:36 Scale Mail Armor
31:59 Fletching
Pugberto
0:25 Loom
14:40 Feudal Age
15:27 Horse Collar
15:38 Double-Bit Axe
21:08 Castle Age
22:07 Bow Saw
24:58 Wheelbarrow
25:00 Heavy Plow
25:15 Pikeman
27:36 Scale Mail Armor
31:57 Chain Mail Armor
32:13 Forging
33:04 Gold Mining
33:06 Stone Mining
34:30 Padded Archer Armor
38:39 Imperial Age
38:25 Fletching
39:39 Stone Shaft Mining
40:05 Conscription
39:09 Elite Conquistador
40:45 Hand Cart
40:49 Leather Archer Armor
40:30 Bodkin Arrow
43:20 Ring Archer Armor
45:06 Bloodlines
49:31 Husbandry
Connection lost

Rejoining the realm…

Still unreachable

The connection could not be restored.

Session expired

The server has moved on; the page needs a fresh start.